 Dungeon Crawl Stone Soup version 0.29-a0-925-g0a7a3d12f8 (webtiles) character file.

Game seed: 7262495383299986745

1569 Elmgren the Ruffian (level 8, -2/70 HPs)
             Began as a Troll Hunter on July 29, 2022.
             Was an Initiate of Gozag.
             Slain by Menkaure (4 damage)
             ... on level 7 of the Dungeon.
             The game lasted 00:19:50 (6793 turns).

Elmgren the Ruffian (Troll Hunter)                  Turns: 6793, Time: 00:19:50

Health: -2/70      AC:  4    Str: 20    XL:     8   Next: 59%
Magic:  7/7        EV: 16    Int:  5    God:    Gozag
Gold:   469        SH:  0    Dex: 15    Spells: 7/7 levels left

rFire   . . .      SeeInvis .     - Unarmed
rCold   . . .      Faith    .   (no shield)
rNeg    . . .      Spirit   .   c - +0 robe
rPois   .          Reflect  .   (helmet restricted)
rElec   .          Harm     .   (no cloak)
rCorr   .          Rampage  .   (gloves unavailable)
Will    .....                   (boots unavailable)
Stlth   +.........              (no amulet)
HPRegen 1.01/turn               i - +4 ring of evasion
MPRegen 0.10/turn               (no ring)

@: gold aura
A: large, unfitting armour, claws 3, regeneration 1, shaggy fur 1, tough skin 1
a: Renounce Religion, Potion Petition, Call Merchant, Bribe Branch


You were on level 7 of the Dungeon.
You worshipped Gozag.
Gozag was aware of your devotion.
You visited 1 branch of the dungeon, and saw 6 of its levels.

You collected 488 gold pieces.
You paid 19 gold pieces to Gozag.

Inventory:

Hand Weapons
 a - a +0 shortbow of freezing
Missiles
 j - a throwing net
Armour
 c - a +0 robe (worn)
Jewellery
 i - a +4 ring of evasion (left claw)
 k - a ring of poison resistance
 w - a +6 ring of strength
Wands
 o - a wand of iceblast (7)
 q - a wand of charming (7)
Scrolls
 b - 2 scrolls of immolation
 m - a scroll of amnesia
 v - 2 scrolls of magic mapping
Potions
 d - 3 potions of flight
 e - 3 potions of brilliance
 f - 2 potions of might
 g - 2 potions of heal wounds
 h - 2 potions of lignification {unknown}
 l - 2 potions of resistance {unknown}
 n - 6 potions of curing {unknown}
 p - 3 potions of invisibility {unknown}
 r - a potion of magic {unknown}
 s - a potion of mutation {unknown}
 t - a potion of degeneration {unknown}
 u - a potion of attraction {unknown}
 x - a potion of cancellation {unknown}


   Skills:
 - Level 1.5 Fighting
 + Level 5.1 Ranged Weapons
 + Level 5.4 Dodging
 - Level 0.3 Stealth
 + Level 6.1 Unarmed Combat


You had 7 spell levels left.
You didn't know any spells.
Your spell library contained the following spells:

 Spells                   Type           Power      Damage    Failure   Level
 Blink                    Tloc           0%         N/A       63%         2
 Manifold Assault         Tloc           0%         N/A       100%        5
 Storm Form               Tmut/Air       0%         N/A       100%        7


Dungeon Overview and Level Annotations

Branches:
Dungeon (7/15)             Temple (0/1) D:5

Altars:
Gozag
Hepliaklqana
Makhleb
Qazlal
Uskayaw
Yredelemnul
The Shining One

Annotations:
D:5 2 runed translucent doors, Libelnon's ghost, weakling HuDe
D:7 Menkaure


Innate Abilities, Weirdness & Mutations

You are too large for most types of armour.
You have claws for hands.
Your natural rate of healing is unusually fast.
You are covered in fur. (AC +1)
You have tough skin. (AC +1)


Message History

The orc is lightly wounded.
Something hits you but does no damage. The orc closely misses you.
Menkaure calls on the powers of darkness!
The orc convulses!
Something is bathed in an unholy light!
Your body is wracked with pain!
You scratch the orc.
You kill the orc!
Something hits you but does no damage. The steam dragon breathes steam at you.
The ball of steam hits you!
* * * LOW HITPOINT WARNING * * *
Something hits you but does no damage.
Items here: $ )) [[.
You closely miss something.
You are engulfed in a cloud of scalding steam.
* * * LOW HITPOINT WARNING * * *
Something hits you.
* * * LOW HITPOINT WARNING * * *
You completely miss something.
Menkaure is engulfed in a cloud of scalding steam.
Menkaure whispers a few words.
Menkaure barely misses you. Something hits you but does no damage.
Menkaure is engulfed in a cloud of scalding steam.
Menkaure casts a spell at you. Pain shoots through your body!
* * * LOW HITPOINT WARNING * * *
A magic dart appears from out of thin air!
The magic dart hits you.
* * * LOW HITPOINT WARNING * * *
Menkaure giggles, "These cerements are ticklish..."
A magic dart appears from out of thin air!
The magic dart hits you.
* * * LOW HITPOINT WARNING * * *
Menkaure closely misses you. Menkaure attacks as you move away!
Menkaure barely misses you.
You hear some strange, mumbled words.
Something tries to affect you, but you resist.
Menkaure attacks as you move away! Menkaure hits you.
You die...
Your body crumbles into a pile of gold.

#.. #... #..
#..## #. #..
#...#####.. #...
#.........#
...##.........##
.............##
#.##.............
#....@M?(......##
######...........
##.$#...##
##{$.#.#
######D.#.##
##<.........##
##.......>....##
#..<.....ยง.....#
#............D.#
..


You could see a steam dragon and Menkaure (fast).

Vanquished Creatures
  A steam dragon (D:5)
  2 black bears
  An ice beast (D:5)
  3 phantoms
  2 bullfrogs
  A gnoll sergeant (D:6)
  5 scorpions
  A howler monkey (D:5)
  3 orc priests (D:6)
  3 iguanas (D:5)
  An orc wizard (D:3)
  8 gnolls
  4 adders
  2 shadow imps
  An ufetubus (D:5)
  6 dart slugs
  11 orcs
  8 ball pythons
  5 endoplasms
  6 goblins
  7 hobgoblins
  2 kobolds (D:1)
  4 quokkas
  A bat (D:1)
  4 frilled lizards
  5 rats
97 creatures vanquished.

Vanquished Creatures (others)
  A white imp (D:5)
1 creature vanquished.

Grand Total: 98 creatures vanquished

Notes
Turn   | Place    | Note
-------+----------+-------------------------------------------
     0 | D:1      | Elmgren the Troll Hunter began the quest for the Orb.
     0 | D:1      | Reached XP level 1. HP: 19/19 MP: 0/0
   186 | D:1      | Reached XP level 2. HP: 27/27 MP: 1/1
   264 | D:1      | Reached skill level 1 in Unarmed Combat
   633 | D:1      | Found a faded altar of an unknown god.
   645 | D:1      | Reached XP level 3. HP: 33/33 MP: 2/2
  1852 | D:2      | Reached XP level 4. HP: 38/41 MP: 3/3
  1855 | D:2      | Reached skill level 2 in Unarmed Combat
  4055 | D:3      | Found a glowing golden altar of the Shining One.
  4351 | D:3      | Found an opulent altar of Gozag.
  4381 | D:3      | Became a worshipper of Gozag Ym Sagoz the Greedy
  4387 | D:3      | You fall into a shaft and drop 3 floors!
  4399 | D:6      | Found a sand-covered staircase.
  4436 | D:6      | Noticed a scorpion
  4447 | D:6      | Killed a scorpion
  4448 | D:6      | Reached XP level 5. HP: 48/48 MP: 4/4
  4507 | D:6      | Reached skill level 3 in Unarmed Combat
  4507 | D:6      | Reached XP level 6. HP: 26/55 MP: 5/5
  4552 | D:5      | Entered Level 5 of the Dungeon
  4849 | D:5      | Found a runed translucent door.
  4849 | D:5      | Noticed a human
  4866 | D:5      | Reached skill level 4 in Unarmed Combat
  4866 | D:5      | Reached XP level 7. HP: 59/62 MP: 6/6
  4872 | D:5      | Found a basalt altar of Yredelemnul.
  4997 | D:5      | Noticed a steam dragon
  5271 | D:5      | Killed a steam dragon
  5272 | D:5      | Reached skill level 5 in Unarmed Combat
  5272 | D:5      | Reached XP level 8. HP: 20/70 MP: 7/7
  5356 | D:5      | Found a staircase to the Ecumenical Temple.
  5431 | D:5      | Noticed Libelnon's ghost (weakling HuDe)
  5487 | D:5      | Found a runed translucent door.
  5893 | D:5      | Noticed a +0 hand axe
  5893 | D:5      | Noticed a +0 hand axe
  5961 | D:5      | Found a hide-covered altar of Uskayaw.
  6051 | D:5      | Found a stormy altar of Qazlal.
  6200 | D:6      | Reached skill level 5 in Dodging
  6285 | D:6      | Reached skill level 5 in Ranged Weapons
  6557 | D:6      | Found a burning altar of Makhleb.
  6712 | D:7      | Found a hazy altar of Hepliaklqana.
  6755 | D:7      | Reached skill level 6 in Unarmed Combat
  6781 | D:7      | Noticed Menkaure
  6791 | D:7      | HP: 1/70 [something/magic dart (5)]
  6793 | D:7      | Slain by Menkaure

Illustrated notes

Levels and vault maps discovered:
D:1:      dpeg_arrival_morbid_curiosity, layout_basic, basic_ecumenical_altar
D:2:      layout_loops_ring
D:3:      layout_loops_ring, nicolae_overflow_two_pavilions,
          mainiacjoe_overflow_brackets, grunt_gozag_statues,
          minmay_misc_feat_iff
D:5:      minmay_opposing_rooms, layout_loops_ring,
          mainiacjoe_overflow_alcove_2, dk_yredelemnul_ordeal,
          dancing_weapons_uskayaw, minmay_temple_entry_wispy,
          hellmonk_ghost_happy_afterlife, minivault_19
D:6:      layout_cave_pools, general_overflow_altar, nicolae_ossuary_entry_ruins
D:7:      layout_rooms, overflow_temple_1_default, old_standard_altar,
          zin_statuary, uniq_crazy_yiuf_cottage, uniq_menkaure

Skill      XL: |  1  2  3  4  5  6  7  8 |
---------------+-------------------------+-----
Unarmed Combat | 1 2 3 4 5 6 |  6.1
Dodging        | 2 3 4 5 |  5.4
Ranged Weapons | 3 4 5 |  5.1
Fighting       | |  1.5
Stealth        | |  0.3

Action                   |  1- 3 |  4- 6 |  7- 9 || total
-------------------------+-------+-------+-------++-------
Melee: Unarmed           |    11 |    74 |   123 ||   208
       Punch             |       |     4 |     6 ||    10
 Fire: Shortbow          |    85 |    65 |    80 ||   230
  Use: Scroll            |     3 |     6 |     4 ||    13
Armor: Robe              |    12 |    13 |    35 ||    60
Dodge: Dodged            |    17 |    73 |   123 ||   213

Table legend: (Time is in decaauts)
 A = Elapsed time spent in this place.
 B = Non-inter-level travel time spent in this place.
 C = Inter-level travel time spent in this place.
 D = Time resting spent in this place.
 E = Time spent auto-exploring this place.
 F = Levels seen in this place.
 G = Mean time per level.
                   A        B        C        D        E       F      G
               +--------+--------+--------+--------+--------+-----+--------+
         Total |   6801 |   6699 |    102 |   3111 |   2433 |   6 | 1133.5 |
       Dungeon |   6801 |   6699 |    102 |   3111 |   2433 |   6 | 1133.5 |
               +--------+--------+--------+--------+--------+-----+--------+

Top non-repeatable levels by time:
     D:2: 2336 daAuts
     D:1: 1636 daAuts
     D:5: 1591 daAuts
     D:6: 723 daAuts
     D:3: 434 daAuts
     D:7: 80 daAuts
